General information
- name: BNet
- type: Ladder team game (AT/RT)
- host: Battle.net
- saver: Debaser
map: Deadlock
- players: 8
- length: 44:06
- speed: Fast
- version: 1.26 W3XP
- replay type: Public
» download(228 KB)
Players
team 1 (loser)
TribunalIsBack (
yellow | 78 APM | 3460 actions | 44:05)
8 Archmage
3 Summon Water Elemental
3 Brilliance Aura
1 Mass Teleport
1 Blizzard
» actions
| Assign group hotkey | 48 | |
| Basic commands | 108 | |
| Build / train | 175 | |
| Enter build submenu | 104 | |
| Enter hero's abilities submenu | 9 | |
| Give item / drop item | 8 | |
| Right click | 1405 | |
| Select / deselect | 746 | |
| Select group hotkey | 667 | |
| Use ability | 190 | |
3460 total
» units
| Peasant | 23 | |
| Footman | 14 | |
| Dragonhawk Rider | 7 | |
| Knight | 7 | |
| Peon | 5 | |
| Gryphon Rider | 4 | |
60 total
» upgrades
| Defend | 1 | |
| Masonry | 3 | |
| Backpack | 1 | |
| Swords | 3 | |
| Armor | 3 | |
| Lumber Harvesting | 2 | |
| Animal War Training | 1 | |
| Cloud | 1 | |
| Storm Hammers | 1 | |
| Plating | 3 | |
| Reinforced Defenses | 1 | |
| Spiked Barricades | 2 | |
| Gunpowder | 3 | |
| Magic Sentry | 1 | |
| Long Rifles | 1 | |
| Sorceress Training | 2 | |
| Priest Training | 2 | |
| Control Magic | 1 | |
| Troll Regeneration | 1 | |
| Ranged Weapons | 1 | |
34 total
» buildings
| Altar of Kings | 1 | |
| Farm | 9 | |
| Barracks | 1 | |
| Scout Tower | 41 | |
| Arcane Tower | 6 | |
| Arcane Vault | 1 | |
| Lumber Mill | 1 | |
| Town Hall | 14 | |
| Guard Tower | 37 | |
| Keep | 2 | |
| Blacksmith | 2 | |
| Castle | 1 | |
| Gryphon Aviary | 4 | |
| Watch Tower | 11 | |
| Fortress | 1 | |
| Arcane Sanctum | 1 | |
| Great Hall | 1 | |
134 total
» build order
00:03 Altar of Kings
00:08 Farm
00:20 Barracks
00:41 Farm
01:44 Farm
01:46 Scout Tower
02:18 Arcane Tower
02:18 Arcane Tower
02:19 Arcane Tower
02:19 Arcane Tower
03:25 Farm
03:34 Arcane Vault
03:41 Lumber Mill
05:19 Scout Tower
05:21 Scout Tower
05:22 Scout Tower
05:26 Scout Tower
05:52 Town Hall
05:59 Guard Tower
06:02 Guard Tower
06:11 Guard Tower
06:23 Guard Tower
06:40 Farm
07:28 Scout Tower
07:29 Scout Tower
07:32 Keep
08:13 Guard Tower
08:17 Blacksmith
08:20 Blacksmith
10:08 Castle
10:16 Scout Tower
10:17 Scout Tower
10:19 Scout Tower
10:22 Scout Tower
10:23 Scout Tower
10:27 Scout Tower
10:28 Scout Tower
10:49 Gryphon Aviary
10:55 Scout Tower
10:59 Gryphon Aviary
11:17 Guard Tower
11:26 Guard Tower
11:36 Farm
11:44 Scout Tower
11:54 Scout Tower
12:03 Farm
12:22 Guard Tower
12:23 Guard Tower
14:09 Scout Tower
14:10 Scout Tower
14:49 Guard Tower
14:56 Guard Tower
14:58 Watch Tower
14:59 Watch Tower
15:51 Scout Tower
15:52 Scout Tower
16:09 Watch Tower
16:10 Fortress
16:14 Watch Tower
16:32 Guard Tower
16:46 Watch Tower
16:47 Watch Tower
17:38 Gryphon Aviary
17:47 Gryphon Aviary
17:56 Watch Tower
17:58 Watch Tower
19:43 Watch Tower
19:47 Watch Tower
19:52 Watch Tower
23:09 Scout Tower
23:10 Scout Tower
23:12 Scout Tower
23:13 Scout Tower
23:14 Scout Tower
23:19 Town Hall
25:05 Scout Tower
25:08 Scout Tower
25:08 Scout Tower
25:09 Scout Tower
25:20 Scout Tower
25:26 Scout Tower
25:29 Scout Tower
25:38 Guard Tower
25:39 Guard Tower
25:40 Guard Tower
25:41 Guard Tower
25:41 Guard Tower
25:41 Guard Tower
25:48 Farm
25:51 Farm
25:55 Guard Tower
25:56 Guard Tower
26:00 Guard Tower
26:00 Guard Tower
26:03 Scout Tower
26:05 Scout Tower
26:07 Guard Tower
26:12 Scout Tower
26:13 Scout Tower
26:14 Scout Tower
26:16 Scout Tower
26:25 Scout Tower
26:26 Scout Tower
26:36 Guard Tower
26:43 Guard Tower
26:43 Guard Tower
26:44 Guard Tower
26:44 Guard Tower
26:44 Guard Tower
27:11 Guard Tower
27:38 Arcane Sanctum
27:47 Keep
32:57 Great Hall
34:43 Town Hall
34:46 Town Hall
39:01 Town Hall
39:04 Town Hall
39:06 Town Hall
39:08 Town Hall
39:15 Town Hall
39:24 Town Hall
39:40 Town Hall
39:42 Town Hall
39:45 Town Hall
40:15 Town Hall
» items
| Periapt of Vitality | 1 | |
| Scroll of Regeneration | 12 | |
| Mechanical Critter | 2 | |
| Staff of Teleportation | 1 | |
| Scroll of Town Portal | 6 | |
| Potion of Healing | 1 | |
23 total
TWILIGHT-ZONE (
green | 67 APM | 2961 actions | 44:05)
6 Blademaster
3 Wind Walk
2 Critical Strike
1 Bladestorm
3 Shadow Hunter
2 Hex
1 Healing Wave
» actions
| Assign group hotkey | 40 | |
| Basic commands | 8 | |
| Build / train | 97 | |
| Enter build submenu | 28 | |
| Enter hero's abilities submenu | 9 | |
| Give item / drop item | 5 | |
| Right click | 1406 | |
| Select / deselect | 316 | |
| Select group hotkey | 820 | |
| Use ability | 232 | |
2961 total
» units
| Peon | 24 | |
| Grunt | 3 | |
| Wind Rider | 8 | |
| Troll Batrider | 21 | |
56 total
» upgrades
| Ranged Weapons | 2 | |
| Armor | 2 | |
| Envenomed Spears | 2 | |
| Reinforced Defenses | 1 | |
| Liquid Fire | 1 | |
| Melee Weapons | 1 | |
9 total
» buildings
| Altar of Storms | 1 | |
| Orc Burrow | 15 | |
| Barracks | 1 | |
| Voodoo Lounge | 1 | |
| War Mill | 1 | |
| Stronghold | 2 | |
| Beastiary | 6 | |
| Fortress | 1 | |
| Great Hall | 1 | |
| Watch Tower | 26 | |
55 total
» build order
00:07 Altar of Storms
00:17 Orc Burrow
00:37 Barracks
01:28 Orc Burrow
02:04 Voodoo Lounge
02:59 War Mill
03:44 Stronghold
03:44 Stronghold
05:09 Orc Burrow
05:23 Orc Burrow
06:08 Beastiary
06:12 Beastiary
06:34 Fortress
07:04 Great Hall
08:19 Orc Burrow
08:20 Orc Burrow
08:31 Orc Burrow
11:13 Watch Tower
11:13 Watch Tower
11:14 Watch Tower
11:14 Watch Tower
11:14 Watch Tower
11:15 Watch Tower
12:51 Watch Tower
12:51 Watch Tower
12:52 Watch Tower
12:52 Watch Tower
12:53 Watch Tower
12:54 Watch Tower
15:02 Beastiary
17:47 Watch Tower
17:47 Watch Tower
17:58 Watch Tower
17:58 Watch Tower
17:58 Watch Tower
17:59 Watch Tower
17:59 Watch Tower
18:09 Watch Tower
18:09 Watch Tower
20:15 Watch Tower
20:16 Watch Tower
20:16 Watch Tower
27:37 Beastiary
27:39 Beastiary
27:42 Beastiary
27:43 Orc Burrow
27:44 Orc Burrow
27:45 Orc Burrow
29:16 Orc Burrow
29:17 Orc Burrow
32:02 Orc Burrow
32:02 Orc Burrow
32:03 Orc Burrow
» items
| Staff of Teleportation | 1 | |
| Healing Salve | 3 | |
| Lesser Clarity Potion | 3 | |
| Potion of Mana | 1 | |
| Orb of Lightning | 2 | |
| Scroll of Town Portal | 3 | |
| Potion of Healing | 3 | |
| Scroll of Regeneration | 1 | |
17 total

»
acidicalchemist (
blue | 32 APM | 320 actions | 09:57)
1 Crypt Lord
1 Carrion Beetles
» actions
| Assign group hotkey | 3 | |
| Basic commands | 3 | |
| Build / train | 23 | |
| Enter build submenu | 16 | |
| Enter hero's abilities submenu | 1 | |
| Remove unit from queue | 2 | |
| Right click | 99 | |
| Select / deselect | 117 | |
| Select group hotkey | 30 | |
| Use ability | 26 | |
320 total
» units
| Acolyte | 4 | |
| Ghoul | 6 | |
| Necromancer | 2 | |
12 total
» upgrades
| Unholy Strength | 1 | |
| Necromancer Training | 1 | |
| Skeletal Longevity | 1 | |
3 total
» buildings
| Crypt | 1 | |
| Ziggurat | 5 | |
| Graveyard | 1 | |
| Altar of Darkness | 1 | |
| Halls of the Dead | 1 | |
| Nerubian Tower | 2 | |
| Tomb of Relics | 1 | |
| Temple of the Damned | 2 | |
| Slaughterhouse | 1 | |
| Black Citadel | 1 | |
16 total
» build order
00:11 Crypt
00:13 Ziggurat
00:57 Graveyard
01:07 Ziggurat
01:33 Altar of Darkness
02:55 Halls of the Dead
03:31 Ziggurat
03:33 Nerubian Tower
03:55 Nerubian Tower
04:52 Tomb of Relics
05:32 Temple of the Damned
06:14 Ziggurat
07:14 Temple of the Damned
07:23 Slaughterhouse
08:10 Black Citadel
08:30 Ziggurat
Darkelf42 (
pink | 30 APM | 326 actions | 10:56)
1 Blademaster
1 Wind Walk
» actions
| Build / train | 17 | |
| Enter build submenu | 12 | |
| Enter hero's abilities submenu | 1 | |
| Remove unit from queue | 4 | |
| Right click | 188 | |
| Select / deselect | 89 | |
| Use ability | 15 | |
326 total
» units
» upgrades
» buildings
| Altar of Storms | 1 | |
| Orc Burrow | 6 | |
| Barracks | 1 | |
| War Mill | 1 | |
| Stronghold | 1 | |
| Beastiary | 3 | |
13 total
» build order
00:05 Altar of Storms
00:07 Orc Burrow
00:12 Barracks
04:12 Orc Burrow
04:16 War Mill
05:27 Stronghold
05:31 Orc Burrow
05:35 Orc Burrow
05:39 Orc Burrow
07:34 Orc Burrow
08:58 Beastiary
09:06 Beastiary
09:19 Beastiary
team 2 (winner)
Debaser (
purple | 36 APM | 1572 actions | 44:06)
5 Death Knight
2 Death Coil
3 Unholy Aura
» actions
| Assign group hotkey | 150 | |
| Basic commands | 115 | |
| Build / train | 52 | |
| Enter build submenu | 34 | |
| Enter hero's abilities submenu | 5 | |
| Give item / drop item | 1 | |
| Remove unit from queue | 2 | |
| Right click | 715 | |
| Select / deselect | 284 | |
| Select group hotkey | 121 | |
| Use ability | 93 | |
1572 total
» units
| Acolyte | 12 | |
| Ghoul | 7 | |
| Crypt Fiend | 3 | |
| Frost Wyrm | 1 | |
23 total
» upgrades
| Burrow | 1 | |
| Creature Attack | 3 | |
| Creature Carapace | 3 | |
| Stone Form | 1 | |
| Web | 1 | |
| Freezing Breath | 1 | |
10 total
» buildings
| Ziggurat | 17 | |
| Crypt | 4 | |
| Graveyard | 3 | |
| Altar of Darkness | 1 | |
| Tomb of Relics | 1 | |
| Halls of the Dead | 1 | |
| Spirit Tower | 4 | |
| Black Citadel | 1 | |
| Sacrificial Pit | 1 | |
| Necropolis | 1 | |
| Boneyard | 6 | |
40 total
» build order
00:07 Ziggurat
00:08 Crypt
00:58 Ziggurat
01:04 Graveyard
01:47 Altar of Darkness
03:04 Tomb of Relics
03:30 Crypt
04:04 Ziggurat
05:13 Halls of the Dead
06:24 Ziggurat
07:15 Ziggurat
07:17 Ziggurat
07:18 Ziggurat
09:30 Spirit Tower
09:50 Spirit Tower
10:49 Black Citadel
10:52 Sacrificial Pit
11:13 Necropolis
12:37 Crypt
12:38 Crypt
13:58 Graveyard
15:37 Ziggurat
15:41 Ziggurat
15:41 Ziggurat
15:44 Ziggurat
15:44 Ziggurat
15:47 Ziggurat
15:47 Ziggurat
15:48 Ziggurat
15:48 Ziggurat
20:03 Boneyard
20:04 Boneyard
20:05 Boneyard
21:28 Boneyard
21:29 Boneyard
21:33 Boneyard
22:33 Graveyard
23:30 Spirit Tower
25:29 Spirit Tower
40:24 Ziggurat
» items
| Rod of Necromancy | 1 | |
| Boots of Speed | 1 | |
| Periapt of Vitality | 2 | |
| Staff of Teleportation | 1 | |
5 total

»
Mizugori (
red | 30 APM | 906 actions | 30:12)
6 Shadow Hunter
3 Healing Wave
2 Hex
1 Big Bad Voodoo
2 Pit Lord
1 Cleaving Attack
1 Howl of Terror
» actions
| Assign group hotkey | 27 | |
| Basic commands | 193 | |
| Build / train | 87 | |
| Enter build submenu | 22 | |
| Enter hero's abilities submenu | 8 | |
| Remove unit from queue | 1 | |
| Right click | 132 | |
| Select / deselect | 272 | |
| Select group hotkey | 118 | |
| Use ability | 46 | |
906 total
» units
| Peon | 16 | |
| Grunt | 2 | |
| Troll Headhunter/Berserker | 24 | |
| Centaur Outrunner | 1 | |
| Harpy Rogue | 1 | |
| Shaman | 15 | |
59 total
» upgrades
| Armor | 3 | |
| Ranged Weapons | 3 | |
| Spiked Barricades | 2 | |
| Shaman Training | 2 | |
| Troll Regeneration | 1 | |
| Berserker Upgrade | 1 | |
| Reinforced Defenses | 1 | |
13 total
» buildings
| Altar of Storms | 1 | |
| Orc Burrow | 7 | |
| Barracks | 1 | |
| War Mill | 1 | |
| Watch Tower | 8 | |
| Stronghold | 1 | |
| Great Hall | 1 | |
| Spirit Lodge | 1 | |
| Fortress | 1 | |
22 total
» build order
00:12 Altar of Storms
00:20 Orc Burrow
00:41 Barracks
02:01 War Mill
02:20 Orc Burrow
03:19 Orc Burrow
04:43 Watch Tower
05:57 Watch Tower
05:58 Stronghold
07:26 Watch Tower
08:16 Orc Burrow
08:31 Great Hall
09:27 Watch Tower
09:32 Spirit Lodge
12:35 Fortress
12:49 Watch Tower
13:56 Orc Burrow
15:18 Orc Burrow
16:22 Watch Tower
18:05 Watch Tower
20:09 Watch Tower
21:19 Orc Burrow
» items
WeeBey (
teal | 38 APM | 1677 actions | 44:05)
6 Blademaster
2 Wind Walk
3 Critical Strike
1 Bladestorm
» actions
| Assign group hotkey | 19 | |
| Build / train | 61 | |
| Enter build submenu | 26 | |
| Enter hero's abilities submenu | 6 | |
| Right click | 653 | |
| Select / deselect | 329 | |
| Select group hotkey | 465 | |
| Use ability | 118 | |
1677 total
» units
| Peon | 11 | |
| Wind Rider | 5 | |
| Troll Batrider | 12 | |
| Demolisher | 2 | |
30 total
» upgrades
| Ranged Weapons | 3 | |
| Liquid Fire | 1 | |
| Envenomed Spears | 1 | |
| Armor | 2 | |
| Burning Oil | 1 | |
8 total
» buildings
| Orc Burrow | 6 | |
| Altar of Storms | 1 | |
| Voodoo Lounge | 1 | |
| War Mill | 1 | |
| Stronghold | 4 | |
| Watch Tower | 6 | |
| Beastiary | 2 | |
| Fortress | 1 | |
| Barracks | 2 | |
| Great Hall | 2 | |
26 total
» build order
00:09 Orc Burrow
00:12 Altar of Storms
01:09 Voodoo Lounge
02:10 War Mill
02:17 Orc Burrow
02:56 Stronghold
02:56 Stronghold
02:56 Stronghold
03:25 Watch Tower
04:52 Orc Burrow
05:18 Beastiary
05:24 Beastiary
06:10 Orc Burrow
07:30 Orc Burrow
09:00 Fortress
17:49 Barracks
17:59 Barracks
18:07 Orc Burrow
18:12 Great Hall
19:02 Watch Tower
19:03 Watch Tower
19:05 Watch Tower
19:07 Watch Tower
23:17 Great Hall
30:23 Watch Tower
» items
| Healing Salve | 4 | |
| Lesser Clarity Potion | 4 | |
| Boots of Speed | 1 | |
| Orb of Lightning | 1 | |
| Potion of Healing | 1 | |
11 total

»
mblaze3 (
orange | 52 APM | 1581 actions | 30:21)
5 Tauren Chieftain
3 Endurance Aura
1 War Stomp
1 Shockwave
4 Shadow Hunter
2 Healing Wave
2 Serpent Ward
» actions
| Build / train | 81 | |
| Enter build submenu | 22 | |
| Enter hero's abilities submenu | 9 | |
| Right click | 1078 | |
| Select / deselect | 287 | |
| Use ability | 104 | |
1581 total
» units
| Peon | 15 | |
| Grunt | 1 | |
| Troll Headhunter/Berserker | 8 | |
| Troll Witch Doctor | 8 | |
| Troll Batrider | 8 | |
| Demolisher | 3 | |
43 total
» upgrades
| Spiked Barricades | 2 | |
| Ranged Weapons | 1 | |
| Armor | 1 | |
| Troll Regeneration | 1 | |
| Witch Doctor Training | 2 | |
| Berserker Upgrade | 1 | |
| Liquid Fire | 1 | |
| Reinforced Defenses | 1 | |
| Burning Oil | 1 | |
11 total
» buildings
| Altar of Storms | 1 | |
| Orc Burrow | 5 | |
| Barracks | 2 | |
| War Mill | 1 | |
| Voodoo Lounge | 1 | |
| Watch Tower | 6 | |
| Stronghold | 1 | |
| Great Hall | 3 | |
| Spirit Lodge | 1 | |
| Fortress | 1 | |
| Beastiary | 1 | |
23 total
» build order
00:18 Altar of Storms
00:24 Orc Burrow
00:37 Barracks
01:07 War Mill
01:43 Voodoo Lounge
02:21 Orc Burrow
02:40 Barracks
03:06 Orc Burrow
04:30 Watch Tower
05:12 Stronghold
07:20 Great Hall
07:36 Watch Tower
07:50 Spirit Lodge
08:13 Fortress
08:33 Watch Tower
09:27 Watch Tower
16:03 Beastiary
19:30 Watch Tower
19:40 Orc Burrow
22:45 Great Hall
24:14 Watch Tower
26:32 Orc Burrow
30:07 Great Hall
» items
| Healing Salve | 2 | |
| Lesser Clarity Potion | 2 | |
| Scroll of Speed | 2 | |
| Boots of Speed | 1 | |
| Orb of Lightning | 2 | |
| Scroll of Town Portal | 3 | |
| Potion of Healing | 1 | |
| Tiny Great Hall | 1 | |
14 total
Chat log
(00:04 / Allies) Mizugori: rush
(00:33 / Allies) Mizugori: what units u guys doing
(00:43 / Allies) WeeBey: idk thinking orc
(00:47 / Allies) Mizugori: lmao
(00:48 / Allies) mblaze3: hh with tc
(00:50 / Allies) Mizugori: we have like 3 orc
(01:24 / Allies) WeeBey: bm harassment w/air
(01:28 / Allies) Mizugori: ill do hh and shams
(01:28 / Allies) WeeBey: sexual hareassment
(01:32 / Allies) Mizugori: panda
(01:41 / Allies) Mizugori: i mean the sex harassment panda
(01:45 / Allies) Mizugori: im not getting the panda hero
(01:54 / Allies) WeeBey: he
(01:59 / Allies) WeeBey: is a real animal
(03:07 / Allies) Mizugori: fuck lol
(03:38 / Allies) Mizugori: guess not rushing
(08:40 / Allies) Mizugori: im here purp
(08:44 / Allies) Mizugori: pinch him,
(09:13 / All) WeeBey: ok kids, big dick coming through
(09:18 / Allies) Mizugori: hahaha
(09:37 / All) WeeBey: bluie
(09:41 / All) WeeBey: watever happens, i love u
(09:52 / All) Darkelf42: teal your a homo
(09:57 / All) WeeBey: u ;ike it too
(10:07 / All) Mizugori: oh yeah bend him over
(10:16 / All) Mizugori: make him squeal like a piggy
(10:20 / All) Mizugori: reeeeeee
(10:23 / All) Darkelf42: wow 2 fags in one game
(10:33 / All) WeeBey: dont be surprised
(10:52 / All) Darkelf42: this kind of capacity cant handle me anymore 2 fags in one game
(10:53 / Allies) Debaser: wood
(11:13 / Allies) Mizugori: gg guys
(11:15 / All) TribunalIsBack: You lost, please leave the premise immediately. Thank you for using the Warcraft III Battle.net service.
(11:20 / Allies) Mizugori: lmfao
(11:47 / All) WeeBey: dont make me angry
(11:49 / Allies) Debaser: wood?
(11:54 / All) WeeBey: when i get angry, i zerg at my computer
(13:33 / All) WeeBey: well done!
(13:41 / All) TribunalIsBack: Bye. You lost. You can leave now.
(13:45 / All) WeeBey: lol
(13:46 / All) WeeBey: LOL
(13:55 / All) WeeBey: throw a dog a bone, and he acts like hes a boss
(13:56 / All) TribunalIsBack: You lost at the start btw. Out.
(14:19 / All) TribunalIsBack: I was shit talking before that, buddy.
(14:24 / All) WeeBey: u still are
(14:32 / All) TribunalIsBack: I will all game since you suck ass.
(14:38 / All) WeeBey: bro u hard towered a middle town
(14:47 / All) WeeBey: u are one of the fags teal was referring to
(15:14 / All) Debaser: it's good to hard tower because *you* are the most important player in teh game
(15:22 / All) Debaser: keep yourself protected, practice safe gaming
(16:28 / All) TribunalIsBack: sup, I have 4k gold
(16:57 / All) WeeBey: this is warcraft
(16:59 / All) WeeBey: not moneycraft
(17:04 / All) TribunalIsBack: lol
(17:18 / Allies) Mizugori: could use some help
(17:29 / All) TribunalIsBack: free bats tyvm
(19:12 / Allies) WeeBey: red
(19:12 / Allies) WeeBey: come
(19:34 / Allies) Mizugori: omw sorry
(19:36 / Allies) Mizugori: pizza came lol
(19:38 / Allies) WeeBey: working on seige for this loud moth loser
(20:11 / Allies) Debaser: wood?
(21:53 / Allies) Mizugori: lets hit green
(22:15 / Allies) Mizugori: why artent your towers attacking him??
(24:31 / Allies) Debaser: wood
(24:32 / Allies) Debaser: for wyrms
(25:01 / All) TWILIGHT-ZONE: can u guy splz leave
(25:06 / All) WeeBey: ;p;
(25:11 / All) WeeBey: :P:
(25:11 / All) TribunalIsBack: It's over, just leave
(25:13 / All) TribunalIsBack: You lost
(25:20 / Allies) Debaser: gold?
(25:30 / Allies) WeeBey: wopd
(25:42 / Allies) WeeBey: wood plz
(25:45 / All) TWILIGHT-ZONE: i let u kill my hero teal, i allowed it
(25:47 / Allies) WeeBey: ty red
(25:49 / Allies) Mizugori: just gave u 800
(25:50 / Allies) Mizugori: np
(25:54 / All) WeeBey: i know u did
(26:22 / Allies) Mizugori: i need gold fuck
(27:00 / Allies) Mizugori: now yellow?
(27:11 / Allies) Mizugori: i have bad voodoo
(27:45 / All) WeeBey: so purple dont like me lol
(27:58 / All) WeeBey: whjat a gangsta im gonna go take a shit
(28:54 / Allies) Mizugori: oh hell yes
(28:56 / Allies) Mizugori: cavalry
(29:01 / All) TribunalIsBack: I told you you lost
(29:04 / Allies) WeeBey: jes agaomst us
(29:09 / All) TribunalIsBack: You can leave now.
(29:10 / All) WeeBey: gg purple
(29:12 / All) WeeBey: well done
(29:21 / All) TribunalIsBack: GG GTFO
(29:25 / All) WeeBey: i never thought of backstabbing ppl before
(29:28 / All) WeeBey: lol
(29:31 / All) TWILIGHT-ZONE: we always do this teal, you are our victim, one of many
(29:34 / All) TribunalIsBack: You lost. Out.
(29:38 / All) WeeBey: }
(29:41 / Allies) Mizugori: qait
(29:45 / Allies) Mizugori: did purp fuck us??
(29:54 / Allies) Mizugori: wow thats so stupid
(29:55 / All) Debaser: Teal is 6-9 he prob doesn't care
(29:57 / All) Mizugori: congrats losers
(30:03 / All) Mizugori: kind of pathetic really
(30:06 / All) TribunalIsBack: Out.
(30:08 / All) WeeBey: ur right for the wrong reason
(30:09 / All) Debaser: hopefully he kills orange and red if I drop
(30:15 / All) WeeBey: i dont care cause this shit wont be on ym resume
(30:25 / All) TribunalIsBack: That's right
(30:31 / All) WeeBey: but that was clever
(30:44 / All) TribunalIsBack: Leave faggot.
(30:46 / All) TribunalIsBack: You lost, get out.
(30:49 / All) TribunalIsBack: Not so tough now.
(30:50 / All) WeeBey: never thought of justr spamming games until my bootie buddy was on opposite team
(30:51 / All) Debaser: red said when I showed up with wyrms:
(30:56 / All) Debaser: "oh hell yes! calvary!"
(31:04 / All) WeeBey: yeah u showed him
(31:22 / All) Debaser: this had to hurt
(31:26 / All) WeeBey: ppl will one day write poetry for ur creativity
(31:30 / All) Debaser: Thank you
(31:36 / All) WeeBey: just a waste of time for another loss
(31:38 / All) TribunalIsBack: Thank you, sir. I am sure they will.
(31:44 / All) WeeBey: if i get a win, then what? a new icon
(31:49 / All) Debaser: but you won't win
(31:53 / All) WeeBey: lol i had fun
(31:57 / All) WeeBey: finish this
(32:03 / All) TribunalIsBack: Leave and it will finish faster.
(32:31 / All) TWILIGHT-ZONE: i feel like watching that movie "the tremors"
(32:33 / All) TWILIGHT-ZONE: awesome
(32:45 / All) TWILIGHT-ZONE: worms underground is pro
(32:54 / All) Debaser: that movie was on all the time when I was a kid
(32:55 / All) TWILIGHT-ZONE: kevin bacon got a nice ass in that
(33:02 / All) Debaser: they took the idea from "dune"
(33:12 / All) TWILIGHT-ZONE: dune stole from star wars, its fair
(33:15 / All) Debaser: lol
(33:21 / All) Debaser: star wars stole from dune
(33:27 / All) TWILIGHT-ZONE: giant worm in part 2 on star wars,
(33:28 / All) Debaser: don't get it tangled and twisted homie
(33:35 / All) Debaser: yeah, that's from Leto II
(33:41 / All) Debaser: he becomes a sandworm
(33:50 / All) Debaser: Dune was written in 60s buddy
(34:01 / All) Debaser: star wars 1 didn't come out till 77
(34:14 / All) TWILIGHT-ZONE: 78
(34:19 / All) Debaser: 77
(34:51 / All) Debaser: I like undead because you can unsummon in a snap
(35:10 / All) TribunalIsBack: I love when UD leave while stabbing
(35:16 / All) TribunalIsBack: Insta-kill
(35:32 / All) Debaser: last building I believe
(35:36 / All) TWILIGHT-ZONE: i never understood why tkers in the beginning, unsummon their mine. its easier on the other allies if they unsummon it
(35:44 / All) TribunalIsBack: Any last words, teal?
(35:46 / All) Debaser: yeah
(35:49 / All) Debaser: I always left my mine
(35:53 / All) Debaser: haunted
(35:55 / All) Debaser: and killed my acos
(36:02 / All) Debaser: and unsummoned my hall
(36:27 / All) TWILIGHT-ZONE: on diablo 3 u can get like 100k hp on ur chars
(36:36 / All) TribunalIsBack: D3 is shit so who cares?
(36:41 / All) Debaser: I liked to unsummon hall and build as many towers as I could
(36:49 / All) Debaser: kill the acos and just attack them if they tired to take the expo
(37:01 / All) TWILIGHT-ZONE: boo
(37:07 / All) TribunalIsBack: You attacked me first
(37:09 / All) TribunalIsBack: I had no choice
(37:12 / All) TWILIGHT-ZONE: i didnt complain
(37:19 / All) TWILIGHT-ZONE: 4v4 is survival of the fittest yo
(37:24 / All) Debaser: He doesn't know how to behave himself
(37:25 / All) TribunalIsBack: Indeed
(37:28 / All) TribunalIsBack: It's nothing personal
(37:39 / All) Debaser: He has no sense of decorum
(37:42 / All) Debaser: No etiquette
(37:48 / All) TribunalIsBack: Plus you took a TP scroll of mine that I forgot about because I'm bad.
(37:58 / All) TWILIGHT-ZONE: i watch that replay all the time on market square where he stole ur item and u guystried to kill each other for the next ten ga
(38:08 / All) Debaser: Lawl
(38:11 / All) TribunalIsBack: I don't even remember that.
(38:14 / All) Debaser: I'm sad I dropped that game
(38:24 / All) Debaser: I was building up to kill both of you lol
(38:28 / All) Debaser: and let an ally win
(38:31 / All) TWILIGHT-ZONE: not me
(38:37 / All) Debaser: yes I was going to kill you too
(38:46 / All) Debaser: because I figured you'd struggle against me
(39:08 / All) Debaser: So I planned to neutralize you in the off chance
(39:17 / All) Debaser: want me to just unsummon already?
(39:18 / All) TWILIGHT-ZONE: im pretty sure u were just tryign to kill rod
(39:27 / All) Debaser: No son I was going to defang you
(39:37 / All) TWILIGHT-ZONE: ur thining of a diff game
(39:48 / All) Debaser: the one where I told him not to take it?
(39:53 / All) Debaser: and he said "we'll see"
(40:03 / All) Debaser: I had rifles
(40:14 / All) Debaser: I was yellow
(40:28 / All) TWILIGHT-ZONE: jeopardy
(40:34 / All) TribunalIsBack: lol
(40:38 / All) Debaser: I was yellow, I had 2 control groups of rifles
(40:47 / All) TWILIGHT-ZONE: no u werent gonna kill me
(40:47 / All) Debaser: and multiple expos while telling your orc
(40:50 / All) Debaser: where his expos were
(40:53 / All) Debaser: So he didn't have an expo
(40:58 / All) Debaser: I was going to kill you too
(41:07 / All) Debaser: the orc was pink
(41:20 / All) Debaser: I was going to kill pink first tho
(41:31 / All) TWILIGHT-ZONE: tv
(41:34 / All) Debaser: because he kept biting the hand the fed him
(41:40 / All) Debaser: oh lawl
(41:44 / All) Debaser: teal still has his base
(42:06 / All) TWILIGHT-ZONE: i
(42:33 / All) Debaser: Trust me I would have made you harmless Jake
(42:40 / All) Debaser: because I couldn't be sure if you'd attack me
(42:43 / All) TribunalIsBack: He would rather be in disbelief.
(42:46 / All) Debaser: wtf
(42:49 / All) TWILIGHT-ZONE: i never attack u
(42:52 / All) Debaser: Liar
(42:56 / All) Debaser: oh orange
(42:58 / All) TWILIGHT-ZONE: only play
(43:46 / All) TWILIGHT-ZONE: 8 i think ill be on
(43:49 / All) TWILIGHT-ZONE: will u be on
(43:49 / All) TribunalIsBack: k
(43:52 / All) TribunalIsBack: Yes